 Dungeon Crawl Stone Soup version 0.28-b1-25-g9875b3fc8c (webtiles) character file.

Game seed: 9004528973445385260

20 sanka the Sneak (level 2, -3/27 HPs)
             Began as a Hill Orc Delver on Feb 6, 2022.
             Slain by a kobold brigand (6 damage)
             ... in a sewer.
             The game lasted 00:02:33 (856 turns).

sanka the Sneak (Hill Orc Delver)                    Turns: 856, Time: 00:02:33

Health: -3/27      AC:  8    Str: 14    XL:     2   Next: 79%
Magic:  2/2        EV:  6    Int: 10    God:
Gold:   37         SH:  0    Dex: 12    Spells: 1/1 levels left

rFire   . . .      SeeInvis .   a - +0 hand axe
rCold   . . .      Faith    .   (no shield)
rNeg    . . .      Spirit   .   h - +0 chain mail
rPois   .          Reflect  .   (no helmet)
rElec   .          Harm     .   (no cloak)
rCorr   .          Rampage  .   (no gloves)
Will    .....                   (no boots)
Stlth   ..........              (no amulet)
HPRegen 0.09/turn               (no ring)
MPRegen 0.08/turn               (no ring)

@: very slow
A: no striking features
a: no special abilities


You were in a sewer.
You visited 1 branch of the dungeon, and saw 3 of its levels.
You also visited: Sewer.

You collected 37 gold pieces.

Inventory:

Hand Weapons
 a - a +0 hand axe (weapon)
Armour
 b - a +0 leather armour
 h - a +0 chain mail (worn)
Wands
 g - a wand of digging (3)
Scrolls
 c - a scroll of fog
 d - 2 scrolls of magic mapping
 e - 2 scrolls of fear
 k - 2 scrolls of identify {unknown}
 l - a scroll of enchant armour {unknown}
Potions
 i - a potion of magic {unknown}
 j - 2 potions of ambrosia {unknown}


   Skills:
 + Level 3.9 Fighting
 + Level 3.2 Axes
 + Level 1.9 Dodging
 + Level 4.2 Stealth


You had one spell level left.
You didn't know any spells.
Your spell library contained the following spells:

 Spells                   Type           Power      Damage    Failure   Level
 Animate Skeleton         Necr           0%         N/A       100%        1
 Pain                     Necr           0%         1d4       100%        1
 Vampiric Draining        Necr           0%         2d6       100%        3
 Leda's Liquefaction      Hex/Erth       0%         N/A       100%        4
 Lee's Rapid Deconstruct  Erth           0%         3d5*      100%        5
 Statue Form              Tmut/Erth      0%         N/A       100%        6


Dungeon Overview and Level Annotations

Branches:
Dungeon (5/15)              Sewer (1/1)
 Temple: D:4-7

Altars:

Annotations:
D:5 exclusion: iguana


Message History

Your unstable footing causes you to fumble your attack.
Your unstable footing causes you to fumble your attack.
The kobold brigand hits you but does no damage.
You hit the kobold brigand.
The kobold brigand is moderately wounded.
The kobold brigand hits you but does no damage.
You closely miss the kobold brigand.
The kobold brigand is moderately wounded.
The kobold brigand hits you but does no damage.
You barely miss the kobold brigand.
The kobold brigand is moderately wounded.
Your unstable footing causes you to fumble your attack.
The kobold brigand splashes around in the water.
Your unstable footing causes you to fumble your attack.
The kobold brigand barely misses you.
You barely miss the kobold brigand.
The kobold brigand is moderately wounded.
Your extra speed is starting to run out.
The kobold brigand hits you with a +0 dagger.
* * * LOW HITPOINT WARNING * * *
You barely miss the kobold brigand.
The kobold brigand is moderately wounded.
Your unstable footing causes you to fumble your attack.
The kobold brigand hits you but does no damage.
You closely miss the kobold brigand.
The kobold brigand is moderately wounded.
The kobold brigand splashes around in the water.
You hit the kobold brigand.
The kobold brigand is heavily wounded.
Your unstable footing causes you to fumble your attack.
The kobold brigand hits you but does no damage.
You hit the kobold brigand.
The kobold brigand is severely wounded.
You feel yourself slow down.
The kobold brigand hits you with a +0 dagger.
* * * LOW HITPOINT WARNING * * *
You hit the kobold brigand but do no damage.
The kobold brigand is severely wounded.
The kobold brigand hits you with a +0 dagger.
You die...

#. .#.#.# #≈
K#≈#≈# #≈
≈#≈#≈# ≈#≈#≈#≈#
≈≈≈#≈.≈#
#≈###≈## #≈#
#≈# #K###†#
#≈@≈≈≈# ##≈≈≈##
#.≈.# #.≈≈# .
##.≈.# ≈.#
##.≈.≈#
≈≈..#####.≈≈≈.#
≈.≈.≈≈≈≈≈..≈≈##
#.≈≈≈.≈...###


You could see a kobold brigand.

Vanquished Creatures
  An adder (D:3)
  A dart slug (D:5)
  3 ball pythons
  2 endoplasms (D:3)
  A frilled lizard (D:3)
  2 rats
10 creatures vanquished.

Notes
Turn   | Place    | Note
-------+----------+-------------------------------------------
     0 | D:5      | sanka the Hill Orc Delver began the quest for the Orb.
     0 | D:5      | Reached XP level 1. HP: 19/19 MP: 1/1
     1 | D:5      | Noticed an iguana
   377 | D:3      | Reached XP level 2. HP: 26/27 MP: 2/2
   551 | D:3      | Found a glowing drain.
   679 | Sewer    | Entered a sewer
   816 | Sewer    | Noticed a kobold brigand
   856 | Sewer    | Slain by a kobold brigand

Illustrated notes

Levels and vault maps discovered:
D:3:      layout_loops_ring, portal_sewer_entry_d
D:4:      layout_basic, hex_medium, uniq_sigmund
D:5:      layout_layer_cave, hangedman_decor_growths, st_stairs_4
Sewer:    sewer_co_tree

Skill      XL: |  1  2 |
---------------+-------+-----
Axes           | 3 |  3.2
Fighting       | |  3.9
Dodging        | |  1.9
Stealth        | |  4.2

Action                   || total
-------------------------++-------
Melee: Hand axe          ||    63
       Punch             ||     1
  Use: Potion            ||     1
Armor: Chain mail        ||    29
Dodge: Dodged            ||    12
